 Dungeon Crawl Stone Soup version 0.26.1-2-gb8aa6d0cf2 (webtiles) character file.

Game seed: 17580687791874707789

122 Mattiprrivan the Cudgeller (level 4, -3/44 HPs)
             Began as a Troll Berserker on Feb 18, 2021.
             Was a Priest of Trog.
             Slain by a gnoll
             ... wielding a +0 halberd of chaos
              (4 damage)
             ... on level 3 of the Dungeon.
             The game lasted 00:22:14 (2155 turns).

Mattiprrivan the Cudgeller (Troll Berserker)        Turns: 2155, Time: 00:22:15

Health: -3/44      AC:  6    Str: 25    XL:     4   Next: 78%
Magic:  3/3        EV: 10    Int:  3    God:    Trog [***...]
Gold:   138        SH:  0    Dex: 10    Spells: 3/3 levels left

rFire    . . .     SeeInvis .   a - +1 mace
rCold    . . .     Faith    .   (no shield)
rNeg     . . .     Spirit   .   b - +0 animal skin
rPois    .         Reflect  .   (helmet restricted)
rElec    .         Harm     .   (no cloak)
rCorr    +         Rampage  .   (gloves unavailable)
Will     .....                  (boots unavailable)
Stlth    +.........             (no amulet)
HPRegen  0.54/turn              i - ring of resist corrosion
MPRegen  0.08/turn              (no ring)

@: no status effects
A: large, unfitting armour, claws 3, regeneration 1, shaggy fur 1, tough skin 3
a: Renounce Religion, Berserk, Trog's Hand


You were on level 3 of the Dungeon.
You worshipped Trog.
Trog was most pleased with you.
You visited 1 branch of the dungeon, and saw 3 of its levels.

You collected 138 gold pieces.

Inventory:

Hand Weapons
 a - a +1 mace (weapon)
Missiles
 e - 15 poisoned darts (quivered)
Armour
 b - a +0 animal skin (worn)
Jewellery
 i - a ring of resist corrosion (left claw)
Wands
 g - a wand of enslavement (2)
Scrolls
 d - 4 scrolls of identify
 h - a scroll of magic mapping
Potions
 f - a potion of might


   Skills:
 * Level 2.8 Fighting
 * Level 0.5(2.1) Axes
 * Level 3.6(3.8) Maces & Flails
 * Level 0.1(0.7) Polearms
 * Level 1.0(2.3) Staves
 * Level 0.5 Throwing
 * Level 1.0 Armour
 * Level 2.8 Dodging


You had 3 spell levels left.
You didn't know any spells.
Your spell library was empty.

Dungeon Overview and Level Annotations

Branches:
Dungeon (3/15)

Altars:
Ashenzari
Nemelex Xobeh
Okawaru
Qazlal
Wu Jian
Xom
Yredelemnul
Zin

Annotations:
D:3 1 transporter, aloneDruid's ghost, weakling OpDe


Innate Abilities, Weirdness & Mutations

You are too large for most types of armour.
You have claws for hands.
Your natural rate of healing is unusually fast.
You are covered in fur. (AC +1)
You have extremely tough skin. (AC +3)


Message History

The gnoll throws a throwing net.
The throwing net hits you.
You become entangled in the net!
You see here a throwing net.
You struggle against the net.
You struggle against the net.
You shred the net and break free! The gnoll barely misses you.
The gnoll is no longer charmed.
The gnoll hits you from afar with a +0 halberd of chaos.
You are electrocuted!!
The gnoll hits you with the +10 spear of Prudence {vamp, rElec rC+}!
* * * LOW HITPOINT WARNING * * *
Aiming: Enslavement
Press: ? - help, Shift-Dir - straight line, f/p - gnoll
Aim: a gnoll, wielding the +10 spear of Prudence {vamp, rElec rC+} (chance to affect: 54%)
The gnoll is charmed.
The gnoll hits you from afar with a +0 halberd of chaos!
* * * LOW HITPOINT WARNING * * *
The gnoll freezes you.
You die...

.# #....≈≈..#.#8⌠8#.#.....#
.# #.##.≈≈.©#.'.©.'.#©....#
.####.##.≈≈..#.#.).#.#.....#
.........≈≈.##.##)##.##.≈≈.#
....(....≈≈.#.g#P.P#..#.≈≈.#
#######..≈≈.##.#⌠.⌠#.##.≈≈.#
#..≈≈..#.#P.P#.#..≈≈.#
#..≈≈###g##+##.###≈≈.#
##.≈≈#...g@......#≈≈.#
#.≈≈#8.###.###.8#≈≈.#
#.≈≈#..# ### #.)#≈≈.#
.≈≈####$....####≈≈.# .≈≈≈
≈≈≈≈≈≈≈ ≈≈≈≈.# #..≈≈ ≈≈≈≈≈≈≈
≈≈≈.# ##... ......... ...#
##. #####.##### #### #. ..#


You could see a gnoll and a friendly gnoll (charmed).

Vanquished Creatures
  3 gnolls (D:3)
  2 adders
  2 worms (D:2)
  A dart slug (D:1)
  2 leopard geckos (D:1)
  3 orcs (D:2)
  2 ball pythons
  8 bats
  12 goblins
  8 hobgoblins
  4 jackals (D:1)
  A quokka (D:2)
  4 frilled lizards
  7 rats
59 creatures vanquished.

Vanquished Creatures (others)
  2 plants (D:3)
2 creatures vanquished.

Grand Total: 61 creatures vanquished

Notes
Turn   | Place    | Note
-------+----------+-------------------------------------------
     0 | D:1      | Mattiprrivan the Troll Berserker began the quest for the
                  | Orb.
     0 | D:1      | Reached XP level 1. HP: 22/22 MP: 0/0
   101 | D:1      | Reached XP level 2. HP: 29/29 MP: 1/1
   582 | D:1      | Reached ** piety under Trog
   601 | D:1      | Reached skill level 3 in Maces & Flails
   601 | D:1      | Reached XP level 3. HP: 36/36 MP: 2/2
   766 | D:2      | Noticed an angel
   767 | D:2      | Found a glowing silver altar of Zin.
  1025 | D:2      | Found an iron altar of Okawaru.
  1282 | D:2      | Reached XP level 4. HP: 44/44 MP: 3/3
  1521 | D:3      | Found a shimmering altar of Xom.
  1522 | D:3      | Found a basalt altar of Yredelemnul.
  1660 | D:3      | Found a stormy altar of Qazlal.
  1865 | D:3      | Found a broken altar of Ashenzari.
  1885 | D:3      | Found an ornate altar of the Wu Jian Council.
  1889 | D:3      | Found a sparkling altar of Nemelex Xobeh.
  2001 | D:3      | Found a transporter.
  2002 | D:3      | Identified the +10 spear of Prudence {vamp, rElec rC+}
  2010 | D:3      | Noticed aloneDruid's ghost (weakling OpDe)
  2055 | D:3      | Found a transporter.
  2094 | D:3      | Reached skill level 1 in Armour
  2095 | D:3      | Reached *** piety under Trog
  2096 | D:3      | Reached skill level 1 in Staves
  2155 | D:3      | HP: 1/44 [gnoll/+0 halberd of chaos (12)]
  2155 | D:3      | Slain by a gnoll

Illustrated notes

Levels and vault maps discovered:
D:1:      lightli_arrival_noodles, layout_basic
D:2:      layout_loops_cross, zin_angel, okawaru_metal_pillars_3,
          guppyfry_early_orc_mine
D:3:      layout_loops_ring, lemuel_doored_altar,
          minmay_overflow_temple_star_quad, grunt_temple_overflow_open,
          gammafunk_ghost_gnarly_gnolls, hangedman_decor_push

Skill      XL: |  1  2  3  4 |
---------------+-------------+-----
Maces & Flails | 3 |  3.6
Armour         | 1 |  1.0
Staves         | 1 |  1.0
Fighting       | |  2.8
Axes           | |  0.5
Polearms       | |  0.1
Throwing       | |  0.5
Dodging        | |  2.8

Action                   |  1- 3 |  4- 6 || total
-------------------------+-------+-------++-------
Melee: Mace              |   119 |    33 ||   152
Throw: Dart              |     4 |    13 ||    17
Invok: Berserk           |       |     1 ||     1
Evoke: Wand              |       |     3 ||     3
  Use: Potion            |     2 |     1 ||     3
       Scroll            |     5 |     4 ||     9
 Stab: Sleeping          |     1 |     1 ||     2
Armor: Animal skin       |    51 |    14 ||    65
Dodge: Dodged            |    59 |    21 ||    80
